 Dungeon Crawl Stone Soup version 0.30-a0-170-g85af917532 (webtiles) character file.

Game seed: 8874917564162944728

23 qw the Shield-Bearer (level 2, -3/19 HPs)
             Began as a Gargoyle Fighter on Sept 30, 2022.
             Slain by Terence
             ... wielding the +7 Throatcutter {drain, coup de grace}
              (9 damage)
             ... on level 2 of the Dungeon.
             The game lasted 00:00:26 (1482 turns).

qw the Shield-Bearer (Gargoyle Fighter)             Turns: 1482, Time: 00:00:26

Health: -3/19      AC: 10    Str: 19    XL:     2   Next: 95%
Magic:  2/2        EV:  9    Int:  8    God:
Gold:   107        SH:  4    Dex:  9    Spells: 1/1 levels left

rFire   . . .      SeeInvis .    Y - +0 war axe
rCold   . . .      Faith    .    c - +0 buckler
rNeg    + . .      Spirit   .    b - +0 scale mail
rPois   inf        Reflect  .    (no helmet)
rElec   +          Harm     .    (no cloak)
rCorr   .          Rampage  .    (no gloves)
Will    .....                    k - +0 pair of boots
Stlth   ..........               (no amulet)
HPRegen 0.06/turn                (no ring)
MPRegen 0.08/turn                (no ring)

@: no status effects
A: sickness immunity, AC +2, negative energy resistance 1, electricity
resistance, torment resistance 1, petrification resistance
a: no special abilities


You were on level 2 of the Dungeon.
You visited 1 branch of the dungeon, and saw 2 of its levels.

You collected 107 gold pieces.


Innate Abilities, Weirdness & Mutations

You are immune to sickness and miasma.
Your stone body is resilient. (AC +2)
You are immune to poison.
You resist negative energy. (rN+)
You are resistant to electric shocks. (rElec)
You are resistant to unholy torment.
You are immune to petrification.


   Skills:
 - Level 3.2 Fighting
 + Level 3.0 Axes
 - Level 3.2 Armour
 - Level 3.2 Shields


You had one spell level left.
You didn't know any spells.
Your spell library was empty.

Inventory:

Hand Weapons
 m - a +0 whip
 Y - a +0 war axe (weapon)
Armour
 b - a +0 scale mail (worn)
 c - a +0 buckler (worn)
 k - a +0 pair of boots (worn)
Scrolls
 a - a scroll of identify
 g - a scroll of teleportation
Potions
 d - a potion of might
 e - a potion of haste {unknown}
 f - a potion of brilliance {unknown}
 h - a potion of cancellation
 n - a potion of magic {unknown}

Dungeon Overview and Level Annotations

Branches:
Dungeon (2/15)

Altars:
Vehumet

Annotations:
D:2 1 runed translucent door, Crazy Yiuf, Terence


Message History

You now have 78 gold pieces (gained 15).
Found a hammer.
Crazy Yiuf shouts!
Crazy Yiuf grits, "Pitchfork!"
Crazy Yiuf says, "Announcement!
Powder cloud meccalolo."
Found a stone staircase leading down.
Enter note: You now have 92 gold pieces (gained 14).
g - a scroll of teleportation You now have 97 gold pieces (gained 5).
Enter note: You now have 107 gold pieces (gained 10).
Terence the Incautious comes into view.
He is wielding the +7 Throatcutter {drain, coup de grace}.
Terence shouts!
A ball python comes into view.
1470 ||| Stepping ~*~*~tactically~*~*~ (stealth).
1471 ||| Stepping ~*~*~tactically~*~*~ (stealth).
Terence is nearby!
You barely miss Terence. Terence shouts, "Now you die!"
Terence hits you with the +7 Throatcutter {drain, coup de grace}!
Ouch! That really hurt!
Terence hits you but does no damage.
You hit Terence.
Terence is moderately wounded.
Terence closely misses you.
You completely miss Terence.
Terence is moderately wounded.
Terence hits you with the +7 Throatcutter {drain, coup de grace}.
You completely miss Terence.
Terence is moderately wounded.
Terence barely misses you. x2
You closely miss Terence.
Terence is moderately wounded.
Terence says, "Did you write a will?
You should..."
You block Terence's attack.
You hit Terence.
Terence is heavily wounded.
Terence hits you with the +7 Throatcutter {drain, coup de grace}!
You die...

### ### .#...# ..##.#.#.#
#.#... #.# #.#..###.#####
# #.#..........#
####.###.#.###.####.####
.........#......#....#..
#@@..###..#.#..#.#
#....##.# #..#.#..#.#
#.#####.###..#.#.##.#
.....@........#.####.#
###S###.######.#......#
#.######.########
##......#.# # ........#.#
######
###############...###....#


You could see Terence.

Vanquished Creatures
  4 bats
  An endoplasm (D:2)
  4 goblins
  2 jackals (D:1)
  A quokka (D:1)
  2 ball pythons (D:1)
  2 frilled lizards (D:1)
  3 kobolds (D:1)
  A rat (D:2)
20 creatures vanquished.

Notes
Turn   | Place    | Note
-------+----------+-------------------------------------------
     0 | D:1      | qw the Gargoyle Fighter began the quest for the Orb.
     0 | D:1      | Reached XP level 1. HP: 14/14 MP: 1/1
     0 | D:1      | 0 ||| qw: Version: 0.2-a-12-gaebbb33
     0 | D:1      | 0 ||| qw: Game counter: 1557
     0 | D:1      | 0 ||| qw: Always use a shield: true
     0 | D:1      | 0 ||| qw: God list: Okawaru
     0 | D:1      | 0 ||| qw: Allow faded altars: false
     0 | D:1      | 0 ||| qw: Do Orc after D:15 true
     0 | D:1      | 0 ||| qw: Do second Lair branch before Depths: true
     0 | D:1      | 0 ||| qw: Lair rune preference: random
     0 | D:1      | 0 ||| qw: Plans: Normal, Zot:1-4, God:TSO, Crypt, Tomb,
                  | Pan, Slime:5, Hells, Abyss, Orb
     0 | D:1      | 0 ||| PLANNING D:1-11
   182 | D:1      | Found a faded altar of an unknown god.
   437 | D:1      | Reached XP level 2. HP: 19/19 MP: 2/2
  1023 | D:1      | 1023 ||| UPGRADING to +0 pair of boots.
  1028 | D:1      | 1028 ||| READING 2 scrolls labelled MYKKAK WUOCYO.
  1029 | D:1      | 1029 ||| READING scroll labelled WOOSUS BEPU.
  1030 | D:1      | 1030 ||| READING 2 scrolls labelled OSMIFO BAUNLEH.
  1033 | D:1      | 1033 ||| READING scroll labelled UXKIEN QEUFIEL.
  1034 | D:1      | 1034 ||| READING 3 scrolls labelled RYISUSKIMU.
  1035 | D:1      | 1035 ||| DRINKING 2 silvery potions.
  1036 | D:1      | 1036 ||| DROPPING 2 scrolls of immolation.
  1097 | D:2      | 1097 ||| Stepping ~*~*~tactically~*~*~ (stealth).
  1102 | D:2      | 1102 ||| Stepping ~*~*~tactically~*~*~ (stealth).
  1103 | D:2      | 1103 ||| Stepping ~*~*~tactically~*~*~ (stealth).
  1135 | D:2      | 1135 ||| READING scroll of teleportation.
  1186 | D:2      | 1186 ||| Stepping ~*~*~tactically~*~*~ (stealth).
  1186 | D:2      | Found a radiant altar of Vehumet.
  1187 | D:2      | 1187 ||| Stepping ~*~*~tactically~*~*~ (stealth).
  1188 | D:2      | 1188 ||| Stepping ~*~*~tactically~*~*~ (stealth).
  1190 | D:2      | 1190 ||| Stepping ~*~*~tactically~*~*~ (stealth).
  1191 | D:2      | 1191 ||| Stepping ~*~*~tactically~*~*~ (stealth).
  1202 | D:2      | Reached skill level 3 in Axes
  1367 | D:2      | Found a runed translucent door.
  1368 | D:2      | Noticed Crazy Yiuf
  1468 | D:2      | Noticed Terence
  1470 | D:2      | 1470 ||| Stepping ~*~*~tactically~*~*~ (stealth).
  1471 | D:2      | 1471 ||| Stepping ~*~*~tactically~*~*~ (stealth).
  1482 | D:2      | Slain by Terence

Levels and vault maps discovered:
D:1:      dpeg_arrival_shelter, layout_loops_ring,
          chequers_ecumenical_altar_island
D:2:      layout_basic, basic_altar, minmay_puff, uniq_terence,
          uniq_crazy_yiuf_cottage

Skill      XL: |  1  2 |
---------------+-------+-----
Axes           | 2 3 |  3.0
Fighting       | |  3.2
Armour         | |  3.2
Shields        | |  3.2

Action                   || total
-------------------------++-------
Melee: War axe           ||    72
  Use: Scroll            ||     6
       Potion            ||     1
Armor: Scale mail        ||    41
Dodge: Dodged            ||    38
Block: Buckler           ||    15

Table legend:
 A = Non-vault XP
 B = Vault XP
 C = Vault XP percentage of total XP
 D = Non-vault monster count
 E = Vault monster count
 F = Vault count percentage of total count
                 A         B        C        D         E       F
            +---------+---------+-------+---------+---------+-------
      Total |      33 |       0 |   0.0 |      20 |       0 |   0.0
            +---------+---------+-------+---------+---------+-------
        D:1 |      23 |       0 |   0.0 |      14 |       0 |   0.0
        D:2 |      10 |       0 |   0.0 |       6 |       0 |   0.0
            +---------+---------+-------+---------+---------+-------
